 Dungeon Crawl Stone Soup version 0.16-a0-283-g1ba5a8c (webtiles) character file.

227 CryptoCactus the Magician (level 5, 0/28 HPs)
             Began as a Deep Elf Conjurer on Aug 27, 2014.
             Killed by divine providence
             ... invoked by an orc priest
              (14 damage)
             ... on Level 3 of the Dungeon.
             The game lasted 00:06:12 (2744 turns).

CryptoCactus the Magician (Deep Elf Conjurer)       Turns: 2744, Time: 00:06:12

HP   0/28        AC  9     Str  5      XL: 5   Next: 70%
MP  15/20        EV 14     Int 17      God:
Gold 72          SH  0     Dex 15      Spells:  5 memorised,  2 levels left

rFire  . . .     SeeInvis .     l - +0 hammer (protect)
rCold  . . .     Clarity  .     o - +0 leather armour
rNeg   . . .     rCorr    .     (no shield)
rPois  .         rRot     .     (no helmet)
rElec  .         Spirit   .     e - +0 cloak
SustAb .         Warding  .     (no gloves)
rMut   .         Stasis   .     (no boots)
Gourm  .                        (no amulet)
MR     .....                    h - cursed -4 ring of intelligence
                                k - +4 ring of evasion

@: not resistant to hostile enchantments, unstealthy
A: no striking features
a: no special abilities


You were on level 3 of the Dungeon.
You were hungry.

You visited 1 branch of the dungeon, and saw 3 of its levels.

You collected 72 gold pieces.

Inventory:

Hand weapons
 a - a +3 quarterstaff of chaos
 l - a +0 hammer of protection (weapon)
Armour
 e - a +0 cloak (worn)
 o - a +0 leather armour (worn)
Magical devices
 r - a wand of digging (16)
Comestibles
 b - 3 bread rations
 f - a beef jerky
 i - 2 meat rations
 j - 4 fruits
 w - a chunk of human flesh
Scrolls
 n - a scroll of recharging {unknown}
 p - a scroll of identify
 q - a scroll of random uselessness {unknown}
 s - a scroll of remove curse
 u - a scroll of enchant weapon
Jewellery
 g - a +2 ring of protection
 h - a cursed -4 ring of intelligence (right hand)
 k - a +4 ring of evasion (left hand)
 v - an uncursed amulet of warding {unknown}
Potions
 d - a potion of might {unknown}
 m - a potion of restore abilities
 t - 4 potions of curing {unknown}
Books
 c - a book of Conjurations

   Spells                             Type                      Level
   *Magic Dart                        Conjuration                  1
   *Searing Ray                       Conjuration                  2
   *Dazzling Spray                    Conjuration/Hexes            3
   *Fulminant Prism                   Conjuration/Hexes            4
   *Iskenderun's Mystic Blast         Conjuration                  4
   Iskenderun's Battlesphere          Conjuration/Charms           5


   Skills:
 - Level 2.4 Dodging
 - Level 2.4 Stealth
 + Level 6.2 Spellcasting
 - Level 6.1 Conjurations


You had 2 spell levels left.
You knew the following spells:

 Your Spells              Type           Power        Failure   Level  Hunger
a - Dazzling Spray        Conj/Hex       ###.....     12%         3    ##.....
b - Iskenderun's Mystic   Conj           ####....     12%         4    ####...
c - Fulminant Prism       Conj/Hex       ###.......   38%         4    ####...
s - Searing Ray           Conj           ####..       1%          2    None
z - Magic Dart            Conj           ####         1%          1    None


Dungeon Overview and Level Annotations

Branches:
Dungeon (3/15)

Altars:


Message History

Press: ? - help, Shift-Dir - straight line, f/p - orc priest
Aim: an orc priest, wielding a flail and wearing a scale mail (severely wounded)
The spray of energy hits the orc priest.
The orc priest is almost dead.
The orc priest is dazzled.
You are feeling hungry.
You are too injured to fight recklessly!
You are too injured to fight recklessly!
The orc priest calls down the wrath of Beogh upon you.
Pain shoots through your body!
* * * LOW HITPOINT WARNING * * *
You closely miss the orc priest.
The orc priest is almost dead.
An orc priest comes into view. It is wielding a falchion.
The orc priest moves out of view.
The orc priest is no longer blind.
The orc priest mumbles some strange prayers to Beogh against you.
Something smites you!
Ouch! That really hurt!
You die...

###........#....#
..##..........##.#####
#.........##.....##...
#.##.#...#..........).
#.##.#................
####### ....#................
#.....####....##...........).
#...........o##.<........#...
#.....#####.@.#..........##..
#.....###....................
#.).......###............##..
##....##### #.##..........#..
#.....######.##.............
#...........................
#....########...#####.......
##..## ##..........#... ####
#####..#######.###.


You could see an orc priest.

Vanquished Creatures
  Crazy Yiuf (D:2)
  2 orc wizards
  Natasha (thrice) (D:3)
  Terence (D:3)
  4 adders
  5 giant geckos
  An ooze (D:2)
  3 orcs (D:3)
  2 ball pythons (D:1)
  5 bats
  3 goblins (D:1)
  11 hobgoblins
  7 kobolds
  3 giant cockroaches
  4 giant newts
  10 rats
65 creatures vanquished.

Notes
Turn   | Place    | Note
--------------------------------------------------------------
     0 | D:1      | CryptoCactus, the Deep Elf Conjurer, began the quest for the Orb.
     0 | D:1      | Reached XP level 1. HP: 10/10 MP: 5/5
   202 | D:1      | Reached XP level 2. HP: 15/15 MP: 4/8
   291 | D:1      | Reached skill level 5 in Conjurations
   995 | D:1      | Learned a level 2 spell: Searing Ray
  1153 | D:2      | Noticed Crazy Yiuf
  1171 | D:2      | Killed Crazy Yiuf
  1171 | D:2      | Reached XP level 3. HP: 19/19 MP: 0/10
  1366 | D:2      | Reached skill level 6 in Conjurations
  1409 | D:2      | Reached XP level 4. HP: 24/24 MP: 7/13
  2264 | D:3      | Reached skill level 5 in Spellcasting
  2264 | D:3      | Reached XP level 5. HP: 28/28 MP: 14/19
  2321 | D:3      | Noticed Natasha
  2328 | D:3      | Killed Natasha
  2362 | D:3      | Learned a level 3 spell: Dazzling Spray
  2414 | D:3      | Learned a level 4 spell: Iskenderun's Mystic Blast
  2419 | D:3      | Learned a level 4 spell: Fulminant Prism
  2426 | D:3      | Noticed Natasha
  2429 | D:3      | Killed Natasha
  2525 | D:3      | Noticed Natasha
  2528 | D:3      | Killed Natasha
  2655 | D:3      | Noticed Terence
  2664 | D:3      | Killed Terence
  2744 | D:3      | Killed from afar by an orc priest

Action                   |  1- 3 |  4- 6 || total
-------------------------+-------+-------++-------
Melee: Hammer            |       |     2 ||     2
 Cast: Magic Dart        |    55 |    79 ||   134
       Searing Ray       |       |     2 ||     2
       Dazzling Spray    |       |     1 ||     1
Evoke: Wand              |       |     1 ||     1
  Use: Scroll            |     5 |     1 ||     6
  Eat: Chunk             |     1 |     4 ||     5
